Map: Moonlight Madness LE (Void)

Players

Javert

  • Race: Zerg Zerg
  • League: Platinum

JesewitKing - Winner!

  • Race: Zerg Zerg
  • League: Platinum

VOD

Have the link to the VOD?

Description

Time

  • Played on: Aug. 20, 2015, 9:43 p.m.
  • Length: 8:16
Show
View Real Time Build Order
Export as new Build Order

Javert Zerg 

Build Orders: Pool First 

Get SALT Encoding   

  12  0:01  Drone  
  13  0:09  Drone  
  14  0:18  Extractor x2  
  12  0:21  Drone  
  12  0:22  Drone  
  15  0:39  Spawning Pool  
  14  0:45  Overlord  
  14  0:50  Extractor  
  14  0:52  Drone  
  15  1:06  Drone x2  
  15  1:08  Drone  
  18  1:29  Roach Warren  
  18  1:30  Queen  
  19  1:35  Drone  
  20  1:41  Overlord  
  20  1:58  Overlord  
  20  2:06  Burrow  
  20  2:11  Roach x2  
  20  2:15  Roach  
  26  2:25  Roach  
  28  2:36  Roach  
  30  2:47  Roach x3  
  36  2:59  Overlord  
  36  3:13  Hatchery  
  36  3:14  Roach  
  37  3:22  Drone  
  38  3:28  Drone x2  
  38  3:33  Drone  
  41  3:43  Roach x3  
  41  3:49  Roach x2  
  41  3:51  Roach  
  37  4:05  Roach x3  
  37  4:06  Roach x5  
  39  4:27  Roach  
  39  4:28  Roach x3  
  41  4:35  Roach x2  
  25  4:56  Drone x5  
  26  5:37  Drone  
  26  5:38  Drone x2  
  29  5:46  Queen  
  31  5:54  Drone x3  
  34  6:06  Roach x2  
  38  6:16  Roach  
  40  6:28  Roach  
  40  6:32  Lair  
  42  6:34  Drone, Extractor  
  42  6:47  Drone  
  42  6:48  Hatchery  
  42  6:56  Overlord  
  42  7:06  Roach x2  
  46  7:17  Roach  
  46  7:21  Evolution Chamber  
  47  7:27  Drone x3  
  50  7:39  Overlord  
  50  7:45  Overlord  
  50  7:46  Roach x12  
  50  7:57  Spine Crawler  
Show
View Real Time Build Order
Export as new Build Order

JesewitKing Zerg - Winner!

Build Orders: Hatch First 

Get SALT Encoding   

  12  0:02  Drone  
  13  0:12  Overlord  
  13  0:17  Drone  
  14  0:30  Drone x2  
  16  0:35  Drone  
  17  0:51  Drone  
  18  0:59  Hatchery  
  18  1:02  Drone  
  18  1:08  Drone  
  19  1:18  Spawning Pool  
  18  1:21  Drone, Extractor  
  18  1:28  Drone  
  19  1:38  Overlord  
  19  2:00  Overlord  
  19  2:06  Queen  
  21  2:11  Zergling x4  
  21  2:12  Queen  
  21  2:14  Zergling x2  
  26  2:21  Overlord  
  26  2:28  Metabolic Boost  
  26  2:34  Zergling x2  
  26  2:35  Zergling x4  
  29  2:47  Zergling x4  
  31  2:55  Zergling x4  
  33  3:05  Overlord  
  33  3:11  Overlord  
  33  3:14  Zergling x2  
  33  3:15  Zergling x2  
  33  3:16  Zergling x4  
  33  3:19  Zergling x4  
  39  3:27  Zergling x4  
  39  3:33  Lair  
  41  3:42  Zergling x2  
  41  3:43  Zergling x2  
  42  3:52  Zergling x8  
  41  4:07  Zergling x8  
  41  4:19  Queen  
  41  4:22  Zergling x4  
  41  4:34  Overseer  
  41  4:35  Zergling x2  
  41  4:36  Zergling x4  
  36  4:52  Drone  
  36  4:53  Drone x3  
  36  5:00  Roach Warren  
  35  5:09  Zergling x6  
  35  5:12  Zergling x2  
  39  5:17  Zergling x2  
  39  5:21  Zergling x2  
  41  5:27  Zergling x2  
  41  5:28  Zergling x2  
  40  5:37  Zergling x6  
  40  5:38  Zergling x2  
  44  5:44  Glial Reconstitution  
  44  5:56  Drone  
  44  5:57  Drone x2  
  47  6:05  Overlord  
  47  6:06  Overlord  
  46  6:19  Roach  
  46  6:20  Roach x2  
  50  6:26  Roach  
  50  6:27  Roach  
  50  6:31  Roach  
  56  6:41  Roach  
  56  6:42  Roach  
  60  6:50  Roach  
  60  6:51  Roach  
  60  6:52  Roach  
  66  7:07  Roach x2  
  66  7:08  Roach x2  
  74  7:15  Overlord  
  74  7:18  Drone  
  75  7:33  Drone x4  
  81  7:37  Roach x2  
  83  7:52  Overlord x3  
Tags
 
Add a new tag
Caveats
  • Supply blocks, unpowered buildings, or Contaminate may cause inaccurate times.
  • Supply counts are checked every 10 seconds.